 Dungeon Crawl Stone Soup version 0.17.1-3-g152610e (webtiles) character file.

46 dearth the Sneak (level 3, 0/16 HPs)
             Began as a Spriggan Enchanter on Mar 11, 2016.
             Succumbed to kobold's curare-tipped needle
             ... on level 3 of the Dungeon.
             The game lasted 00:03:26 (2182 turns).

dearth the Sneak (Spriggan Enchanter)               Turns: 2182, Time: 00:03:27

Health: 0/16       AC:  3    Str:  4    XL:     3   Next: 46%
Magic:  8/8        EV: 19    Int: 17    God:
Gold:   158        SH:  0    Dex: 16    Spells: 1 memorised, 7 levels left

rFire  + . .     SeeInvis +     a - +1 dagger
rCold  . . .     Clarity  .     b - +1 robe
rNeg   . . .     SustAt   .     (shield restricted)
rPois  .         Gourm    .     (helmet restricted)
rElec  .         Spirit   .     (no cloak)
rCorr  .         Warding  .     (gloves unavailable)
rMut   .         Stasis   .     (boots unavailable)
MR     .....                    (no amulet)
Stlth  +++.......               (no ring)
                                e - ring of protection from fire

@: lethally poisoned (0 -> -8), slowed, quick, not resistant to hostile
enchantments, fairly stealthy
A: unfitting armour, see invisible, herbivore 3, speed 3, slow metabolism 2
a: no special abilities


You were on level 3 of the Dungeon.
You were not hungry.

You visited 1 branch of the dungeon, and saw 3 of its levels.

You collected 158 gold pieces.

Inventory:

Hand Weapons
 a - a +1 dagger (weapon)
Missiles
 k - 8 tomahawks (quivered)
Armour
 b - a +1 robe (worn)
Jewellery
 e - a ring of protection from fire (left hand)
Scrolls
 h - 6 scrolls of remove curse {unknown}
 i - 2 scrolls of teleportation {unknown}
 j - a scroll of amnesia {unknown}
 m - a scroll of recharging {unknown}
 n - a scroll of identify {unknown}
 q - a scroll of fear {unknown}
 r - a scroll of noise {unknown}
 t - 2 scrolls of random uselessness {unknown}
Potions
 f - 4 potions of curing
 g - a potion of agility {unknown}
 l - a potion of cure mutation {unknown}
 o - a potion of cancellation {unknown}
 p - a potion of poison {unknown}
Books
 c - a book of Maledictions

   Spells                             Type                      Level
   a - Corona                         Hexes                        1
   b - Ensorcelled Hibernation        Hexes/Ice                    2
   c - Confuse                        Hexes                        3
   d - Tukima's Dance                 Hexes                        3
   e - Dazzling Spray                 Conjuration/Hexes            3
Comestibles
 d - 4 bread rations
 s - a fruit


   Skills:
 + Level 2.0 Short Blades
 + Level 3.7 Dodging
 + Level 4.6 Stealth
 + Level 3.4 Spellcasting
 + Level 4.1 Hexes


You had 7 spell levels left.
You knew the following spells:

 Your Spells              Type           Power        Failure   Level  Hunger
a - Corona                Hex            ###....      2%          1    None


Dungeon Overview and Level Annotations

Branches:
Dungeon (3/15)

Altars:


Innate Abilities, Weirdness & Mutations

You are tiny and cannot use many weapons and most armour.
You have supernaturally acute eyesight.
You are a herbivore.
You cover ground extremely quickly.
You need consume almost no food.


Message History

The kobold shoots a curare-tipped needle.
The curare-tipped needle completely misses you.
You feel sick.
* * * LOW HITPOINT WARNING * * *
You feel sick.
The kobold shoots a curare-tipped needle.
The curare-tipped needle barely misses you.
* * * LOW HITPOINT WARNING * * *
You feel sick.
The kobold shoots a curare-tipped needle.
The curare-tipped needle misses you.
You see here a curare-tipped needle.
* * * LOW HITPOINT WARNING * * *
You feel sick.
The kobold shoots a curare-tipped needle.
The curare-tipped needle closely misses you.
You see here a curare-tipped needle.
* * * LOW HITPOINT WARNING * * *
You feel sick.
You die...

#...(.....#
#########...##......
#......(.(..+ .[.##
#.###..(#.$.# ..# #.#
#.(.##### ... #.#
#...####### .. #.#
#.........# # #######.#
#.........#
........###....@....#
..........'....)....+
........###.........#
#######.###.........#
.......................
######.#############..
#.########### #
#............
##†..########


There were no monsters in sight!

Vanquished Creatures
  An adder (D:3)
  An ooze (D:2)
  A giant gecko (D:3)
  A bat (D:3)
  2 giant cockroaches (D:1)
  5 goblins
  7 hobgoblins
  2 kobolds
  A quokka (D:3)
  3 giant newts
  4 rats
28 creatures vanquished.

Notes
Turn   | Place    | Note
--------------------------------------------------------------
     0 | D:1      | dearth the Spriggan Enchanter began the quest for the Orb.
     0 | D:1      | Reached XP level 1. HP: 9/9 MP: 5/5
   582 | D:1      | Reached XP level 2. HP: 13/13 MP: 6/6
  1344 | D:2      | Reached XP level 3. HP: 12/16 MP: 8/8
  2182 | D:3      | Succumbed to kobold's curare-tipped needle

Action                   || total
-------------------------++-------
Melee: Dagger            ||   132
  Use: Potion            ||     1
 Stab: Sleeping          ||     6
